[Event "Titled Tuesday Blitz November 22 Late 2022"]
[White "Toniutti, Ezio"]
[Black "Torres Boch, Jose Francisco"]
[WhiteFideId "113034"]
[BlackFideId "2278383"]
[WhiteElo "2215"]
[BlackElo "2073"]
[Result "1-0"]
[Round "04"]
[TimeControl "180+1"]
[Date "2022.11.23"]
[WhiteClock "0:00:31"]
[BlackClock "0:00:35"]

1. d4 Nf6 2. c4 e6 3. g3 Bb4+ 4. Bd2 Be7 5. Bg2 d5 6. Nf3 O-O 7. O-O c6 8. Qc2 Nbd7 9. Bc3 b6 10. Nbd2 Ba6 11. b3 Rc8 12. e4 dxe4 13. Nxe4 c5 14. Rad1 Nxe4 15. Qxe4 Nf6 16. Qc2 cxd4 17. Nxd4 Qc7 18. Nc6 b5 19. Ba5 Qb7 20. Nb4 Nd5 21. Rxd5 Bxb4 22. Bxb4 exd5 23. Bxf8 Kxf8 24. Qxh7 bxc4 25. Re1 f6 26. Bf3 Qf7 27. Bh5 Qg8 28. Qg6 Bb5 29. bxc4 dxc4 30. Qf5 a6 31. Qxc8+ 1-0


[Site "https://www.chess.com"]

[Event "Titled Tuesday Blitz November 22 Late 2022"]
[White "Urbina Perez, Juan Antonio"]
[Black "Bongo Akanga Ndjila, Barthelemy"]
[WhiteFideId "2217368"]
[BlackFideId "10609431"]
[WhiteElo "2197"]
[BlackElo "1768"]
[Result "1/2-1/2"]
[Round "04"]
[TimeControl "180+1"]
[Date "2022.11.23"]
[WhiteClock "0:00:08"]
[BlackClock "0:00:03"]

1. e4 c6 2. Nf3 d5 3. d3 Nf6 4. e5 Nfd7 5. d4 e6 6. c3 a6 7. Be2 c5 8. O-O Nc6 9. Be3 b5 10. a4 b4 11. Nbd2 Rb8 12. h3 bxc3 13. bxc3 cxd4 14. cxd4 Be7 15. Rc1 Nb4 16. Nh2 O-O 17. f4 a5 18. Ng4 Nb6 19. Nb3 Nxa4 20. Nc5 Nb6 21. Qe1 Nc4 22. Qg3 Nxe3 23. Nxe3 Bxc5 24. Rxc5 Qb6 25. f5 exf5 26. Nxf5 Bxf5 27. Rxf5 Kh8 28. Qf3 Qa7 29. Rh5 a4 30. Rc3 a3 31. Rxa3 Qxd4+ 32. Kh1 Nc2 33. Rd3 Qa1+ 34. Kh2 Ne1 35. Qf5 g6 36. Qf6+ Kg8 37. Rg3 Rb1 38. Rg4 Nc2 39. Rxh7 Rh1+ 40. Kg3 Qe1+ 41. Kf4 Qf2+ 42. Bf3 Qe3+ 43. Kg3 Qe1+ 44. Kf4 Qe3+ 45. Kg3 Qe1+ 46. Kf4 Qe3+ 1/2-1/2


[Site "https://www.chess.com"]

[Event "Titled Tuesday Blitz November 22 Late 2022"]
[White "Vlassov, Nikolai"]
[Black "Stanisz, Patryk"]
[WhiteFideId "4103360"]
[BlackFideId "1123106"]
[WhiteElo "2324"]
[BlackElo "2069"]
[Result "1-0"]
[Round "04"]
[TimeControl "180+1"]
[Date "2022.11.23"]
[WhiteClock "0:01:33"]
[BlackClock "0:00:01"]

1. e4 c5 2. c3 Nf6 3. e5 Nd5 4. d4 cxd4 5. cxd4 Nc6 6. Nc3 Nxc3 7. bxc3 d5 8. Bd3 g6 9. h4 Bf5 10. Bxf5 gxf5 11. e6 fxe6 12. Qh5+ Kd7 13. Nh3 Qa5 14. Bd2 Qb5 15. Nf4 Qb2 16. Rd1 Rc8 17. O-O Nd8 18. Nd3 Qc2 19. Nc5+ Rxc5 20. dxc5 e5 21. Rfe1 Bg7 22. Bh6 Bf6 23. Rxd5+ Kc7 24. Rd2 Qxc3 25. Qxf5 Nc6 26. Red1 Nd4 27. Qe4 Rg8 28. Be3 Nc6 29. Qxh7 1-0


[Site "https://www.chess.com"]

[Event "Titled Tuesday Blitz November 22 Late 2022"]
[White "Walentukiewicz, Michal"]
[Black "Jaracz, Pawel"]
[WhiteFideId "1126903"]
[BlackFideId "1102222"]
[WhiteElo "2026"]
[BlackElo "2459"]
[Result "0-1"]
[Round "04"]
[TimeControl "180+1"]
[Date "2022.11.23"]
[WhiteClock "0:00:06"]
[BlackClock "0:00:12"]

1. g3 d5 2. Bg2 c6 3. c4 Nf6 4. cxd5 Nxd5 5. Nf3 g6 6. O-O Bg7 7. Nc3 O-O 8. d4 Nb6 9. e4 Bg4 10. Be3 Nc4 11. Qb3 Nxe3 12. fxe3 Qb6 13. Qxb6 axb6 14. e5 Nd7 15. h3 Bf5 16. e4 Be6 17. d5 cxd5 18. exd5 Bf5 19. g4 Bd3 20. Rfd1 Bc4 21. e6 fxe6 22. dxe6 Nc5 23. Ng5 Rad8 24. Nge4 Nxe6 25. Rxd8 Rxd8 26. Rc1 Nf4 27. b3 Nxg2 28. Kxg2 Be6 29. Kf3 Bd7 30. Rd1 Rf8+ 31. Ke2 Bc6 32. Nd5 Re8 33. Ng5 Be5 34. Nxb6 Rf8 35. Nc4 Bb5 36. Ne4 Ra8 37. Rd2 Bf4 38. Rc2 Bc6 39. Nc5 h5 40. a4 hxg4 41. hxg4 Kf7 42. Nd3 Be4 43. Rc3 g5 44. Nce5+ Ke6 45. Nf3 Rh8 46. Nc5+ Kd5 47. Nxe4 Kxe4 48. Rc4+ Kd5 49. Nd4 e5 50. Nf5 e4 51. Rb4 Rh2+ 52. Kf1 e3 53. Rxb7 Ke4 54. Re7+ Kf3 55. Kg1 Rg2+ 56. Kh1 Rb2 57. Nd4+ Kxg4 58. Kg1 Kg3 59. Kf1 Rf2+ 60. Ke1 Ra2 61. Nf5+ Kg4 62. Nxe3+ Kf3 63. Nc4 Ra1# 0-1


[Site "https://www.chess.com"]

[Event "Titled Tuesday Blitz November 22 Late 2022"]
[White "Weetik, Vjacheslav"]
[Black "Suarez Uriel, Adrian"]
[WhiteFideId "4153472"]
[BlackFideId "22230874"]
[WhiteElo "2469"]
[BlackElo "2331"]
[Result "1-0"]
[Round "04"]
[TimeControl "180+1"]
[Date "2022.11.23"]
[WhiteClock "0:00:43"]
[BlackClock "0:00:22"]

1. d4 Nf6 2. Nf3 g6 3. Bg5 Bg7 4. c3 O-O 5. Nbd2 c5 6. e3 d5 7. Be2 Nc6 8. O-O Ne4 9. Nxe4 dxe4 10. Nd2 cxd4 11. exd4 Qa5 12. Be3 f5 13. f4 Be6 14. Bc4 Bxc4 15. Nxc4 Qd5 16. Qb3 b5 17. Na5 Qxb3 18. axb3 Rfc8 19. b4 e6 20. Nxc6 Rxc6 21. Ra5 Rb6 22. Rfa1 Rb7 23. Ra6 Kf7 24. Rc6 Bf6 25. Raa6 Bd8 26. Rxe6 Bb6 27. Rc6 Ke7 28. Kf2 Rd8 29. Ke2 Kd7 30. d5 Bxe3 31. Kxe3 Ke7 32. Kd4 Kf7 33. b3 Re7 34. Re6 Rc7 35. c4 bxc4 36. bxc4 Rb8 37. b5 Rbc8 38. Rac6 Rxc6 39. bxc6 Re8 40. Re5 a5 41. c7 Rc8 42. d6 a4 43. d7 1-0


[Site "https://www.chess.com"]

[Event "Titled Tuesday Blitz November 22 Late 2022"]
[White "Yurovskykh, Oleksandr"]
[Black "Fier, Alexandr"]
[WhiteFideId "14134020"]
[BlackFideId "2107139"]
[WhiteElo "2265"]
[BlackElo "2617"]
[Result "1-0"]
[Round "04"]
[TimeControl "180+1"]
[Date "2022.11.23"]
[WhiteClock "0:00:17"]
[BlackClock "0:01:23"]

1. d4 Nf6 2. Nf3 c5 3. c3 Qc7 4. Bg5 Ne4 5. Bh4 d5 6. e3 Nc6 7. Nbd2 Bf5 8. Be2 e6 9. Nxe4 Bxe4 10. Bg3 Qb6 11. Qb3 c4 12. Qxb6 axb6 13. a3 b5 14. O-O f6 15. Nd2 Bg6 16. Bf3 Bd3 17. Rfe1 f5 18. Rac1 Kd7 19. Bd1 g5 20. Nf3 Be7 21. Ne5+ Nxe5 22. Bxe5 Rhg8 23. Be2 Bxe2 24. Rxe2 Kc6 25. Kf1 Kb6 26. Ke1 Ka5 27. Kd1 Ka4 28. Kc2 Raf8 29. Rce1 h5 30. f3 g4 31. f4 Bh4 32. Rb1 Ka5 33. Bc7+ Ka6 34. Ra1 b6 35. Bd6 Rf7 36. Be5 Kb7 37. Rh1 Ra8 38. h3 Bg3 39. hxg4 hxg4 40. Rh6 Re8 41. Rd2 Kc6 42. Rd1 Kd7 43. Rdh1 Ke7 44. Rg6 Kd7 45. Rhh6 Bf2 46. Kd2 g3 47. Rg5 Rfe7 48. Rgh5 Rc8 49. Rh7 Re8 50. R5h6 Rxh7 51. Rxh7+ Re7 52. Rh6 Kc6 53. Ke2 Kb7 54. Bf6 Re8 55. Rh7+ Ka6 56. Be5 Ra8 57. Re7 Ka5 58. Rxe6 Ra6 59. Bc7 Ka4 60. Re5 Kb3 61. Bd6 Kxb2 62. Bb4 Ra8 63. Rxd5 Rh8 64. Rxf5 Kc2 65. d5 Rh1 66. Re5 Rg1 67. Kf3 Rd1 68. d6 Be1 69. f5 Bxc3 70. Bxc3 Kxc3 71. e4 Rxd6 72. Rxb5 Kd3 73. e5 Rd8 74. Kxg3 c3 75. Rxb6 Rc8 76. Rb1 c2 77. Rc1 Kd2 78. Ra1 Rb8 79. f6 Rb1 80. Ra2 Rf1 81. Kg4 Kd3 82. Rxc2 Kxc2 83. Kg5 Kd3 84. e6 Rf2 85. e7 Rxg2+ 86. Kf5 1-0


[Site "https://www.chess.com"]

[Event "Titled Tuesday Blitz November 22 Late 2022"]
[White "Zakarian, David"]
[Black "Koutlas, Nikolaos"]
[WhiteFideId "13301276"]
[BlackFideId "25827138"]
[WhiteElo "2311"]
[BlackElo "2167"]
[Result "0-1"]
[Round "04"]
[TimeControl "180+1"]
[Date "2022.11.23"]
[WhiteClock "0:00:28"]
[BlackClock "0:01:18"]

1. d4 g6 2. c4 Bg7 3. Nc3 Nf6 4. h4 h5 5. e4 d6 6. Bg5 Nc6 7. d5 Ne5 8. f3 c6 9. Qd2 a6 10. Nh3 b5 11. cxb5 cxb5 12. Nf2 O-O 13. Be2 b4 14. Ncd1 a5 15. O-O Ba6 16. Ne3 Qb6 17. Rac1 Rfc8 18. Kh2 Qa7 19. Bxa6 Qxa6 20. f4 Nc4 21. Nxc4 Rxc4 22. b3 Nxe4 23. Qe3 Nxf2 24. Qxf2 Rxc1 25. Rxc1 f6 26. f5 fxg5 27. fxg6 Rf8 28. Qe2 Qxe2 0-1


[Site "https://www.chess.com"]

[Event "Titled Tuesday Blitz November 22 Late 2022"]
[White "Zhu, Jiner"]
[Black "Melkumyan, Hrant"]
[WhiteFideId "8608059"]
[BlackFideId "13302485"]
[WhiteElo "2384"]
[BlackElo "2604"]
[Result "1/2-1/2"]
[Round "04"]
[TimeControl "180+1"]
[Date "2022.11.22"]
[WhiteClock "0:00:09"]
[BlackClock "0:00:03"]

1. e4 c5 2. Nc3 Nc6 3. Nge2 g6 4. d4 cxd4 5. Nxd4 Bg7 6. Be3 Nf6 7. Bc4 O-O 8. Bb3 d6 9. f3 Na5 10. h4 h5 11. Qd2 Bd7 12. O-O-O Rc8 13. Kb1 Nc4 14. Bxc4 Rxc4 15. Nb3 Qc7 16. Bh6 Rc8 17. Bxg7 Kxg7 18. g4 Rxc3 19. bxc3 Qxc3 20. Qxc3 Rxc3 21. g5 Ne8 22. Rd3 Rc7 23. Nd4 Rc4 24. Kb2 Nc7 25. Rhd1 Ne6 26. Nxe6+ Bxe6 27. Rc3 Rb4+ 28. Ka1 Ra4 29. a3 f6 30. Rc7 Kf7 31. gxf6 Kxf6 32. Kb2 b6 33. Rg1 Ra5 34. c4 Bf7 35. f4 Be6 36. Rg5 Ra4 37. e5+ dxe5 38. fxe5+ Kf7 39. Rg3 Ra5 40. Re3 Bf5 41. Kb3 Be6 42. Kb4 Bf5 43. c5 Rxc5 44. Rxc5 bxc5+ 45. Kxc5 Ke6 46. a4 g5 47. hxg5 h4 48. a5 h3 49. Re2 Bg4 50. Rh2 Kxe5 51. Kc6 Kf5 52. Kb7 Kxg5 53. Kxa7 Kh4 54. Kb6 Kg3 55. Rh1 h2 56. Kc5 Bf3 57. Rxh2 Kxh2 58. Kd4 Kg3 59. Ke5 Bg4 60. a6 Bc8 61. a7 Bb7 62. Ke6 Kf4 63. Kxe7 Ke5 64. a8=Q Bxa8 1/2-1/2


[Site "https://www.chess.com"]

[Event "Titled Tuesday Blitz November 22 Late 2022"]
[White "monkins"]
[Black "Mladek, Richard"]
[BlackFideId "386588"]
[WhiteElo "2321"]
[BlackElo "2271"]
[Result "0-1"]
[Round "04"]
[TimeControl "180+1"]
[Date "2022.11.23"]
[WhiteClock "0:00:02"]
[BlackClock "0:01:10"]

1. Nf3 d5 2. c4 e6 3. g3 Nf6 4. Bg2 Be7 5. O-O O-O 6. d3 c5 7. cxd5 exd5 8. d4 Nc6 9. dxc5 Bxc5 10. a3 Re8 11. b4 Bb6 12. Bb2 Bf5 13. Nc3 Qd7 14. Na4 Ne4 15. Nxb6 axb6 16. b5 Na5 17. Qd4 f6 18. Nh4 Nb3 19. Qb4 Nxa1 20. Rxa1 Be6 21. Nf3 Rec8 22. Nd4 Rc4 23. Qe1 Bf7 24. Rc1 Rxc1 25. Qxc1 Rc8 26. Qe3 Nc5 27. h4 Re8 28. Qd2 Ne4 29. Qd3 Nc5 30. Qd2 Na4 31. Kh2 Qe7 0-1


[Site "https://www.chess.com"]

[Event "Titled Tuesday Blitz November 22 Late 2022"]
[White "Aguilar, Juan"]
[Black "Djordjevic, Vuk"]
[WhiteFideId "3800091"]
[BlackFideId "902098"]
[WhiteElo "2491"]
[BlackElo "2456"]
[Result "0-1"]
[Round "05"]
[TimeControl "180+1"]
[Date "2022.11.23"]
[WhiteClock "0:00:02"]
[BlackClock "0:00:05"]

1. d4 Nf6 2. c4 e6 3. Nf3 b6 4. g3 Ba6 5. Qc2 d5 6. b3 Bb4+ 7. Bd2 Qe7 8. Bg2 O-O 9. O-O Rc8 10. Rc1 Bb7 11. a3 Bxd2 12. Nbxd2 c5 13. Qb2 dxc4 14. Nxc4 Nbd7 15. dxc5 Nxc5 16. Ne3 Rc7 17. Rc2 Rac8 18. Rac1 Nce4 19. Nd4 Rxc2 20. Rxc2 Rxc2 21. Nexc2 Qd7 22. Qc1 e5 23. Nf3 Nc3 24. Bf1 Bxf3 25. exf3 Qd5 26. Qe3 Nd1 27. Qd3 Qxd3 28. Bxd3 Nd7 29. Nb4 Nc3 30. Nc6 Nc5 31. Bc2 Nb5 32. a4 Nd4 33. Nxd4 exd4 34. Kf1 a5 35. Ke1 Kf8 36. Kd2 Ke7 37. h4 h6 38. Bd1 Kd6 39. Kc2 Na6 40. h5 Nb4+ 41. Kd2 Ke5 42. Be2 Kf5 43. f4 Ke4 44. Bg4 Kd5 45. Bf3+ Kd6 46. Be2 Kc5 47. Bb5 f6 48. Bc4 Kd6 49. Ke2 Kc5 50. Kd2 Kc6 51. Ke2 Kd6 52. Kd2 f5 53. Ke2 Kc5 54. Kd2 Kd6 55. Ke2 Ke7 56. Bg8 Kf6 57. Bh7 Ke6 58. Bg6 Na6 59. f3 Nc5 60. Bh7 Kf7 61. Bxf5 Nxb3 62. Kd3 Nc5+ 63. Kxd4 Nxa4 64. Bd3 Nc5 65. Bc4+ Kf6 66. g4 a4 67. Kd5 a3 68. Ba2 Na4 69. Kc4 Nb2+ 70. Kb4 Nd3+ 71. Kxa3 Nxf4 72. Kb4 Nd3+ 73. Kc3 Ne5 74. Bd5 Kg5 75. Kd4 Kf4 76. Be4 Nxf3+ 77. Kd5 Ne5 78. Bg6 Nxg6 79. hxg6 Kxg4 0-1


[Site "https://www.chess.com"]

[Event "Titled Tuesday Blitz November 22 Late 2022"]
[White "Alexikov, Alexander"]
[Black "Marchesich, Giovanni"]
[WhiteFideId "14103958"]
[BlackFideId "2824790"]
[WhiteElo "2222"]
[BlackElo "2200"]
[Result "1-0"]
[Round "05"]
[TimeControl "180+1"]
[Date "2022.11.23"]
[WhiteClock "0:00:21"]
[BlackClock "0:00:15"]

1. e4 e5 2. Nf3 d5 3. d4 dxe4 4. Nxe5 Bd6 5. Nc4 Nf6 6. Bg5 h6 7. Bh4 O-O 8. Nbd2 Re8 9. Be2 Nc6 10. c3 g5 11. Bg3 Ne7 12. Qb3 Nf5 13. Bxd6 Nxd6 14. Ne3 Be6 15. Qc2 Nf5 16. Ndf1 c6 17. Nxf5 Bxf5 18. Ne3 Bg6 19. h4 Nd5 20. Qd2 f5 21. hxg5 Qxg5 22. Nxd5 cxd5 23. Qxg5 hxg5 24. g3 Kg7 25. Kd2 Rh8 26. b3 Rad8 27. Ke3 Rhf8 28. f4 exf3 29. Bxf3 f4+ 30. gxf4 gxf4+ 31. Kf2 Be4 32. Rag1+ Kf7 33. Rg5 Rh8 34. Rxh8 Rxh8 35. Bxe4 dxe4 36. Rf5+ Ke6 37. Rxf4 Rh2+ 38. Ke3 Rxa2 39. Rxe4+ Kd6 40. Kd3 Rb2 41. b4 b6 42. Rh4 a5 43. Rh6+ Kc7 44. bxa5 bxa5 45. Ra6 Kb7 46. Rxa5 Kb6 47. Rc5 Rb1 48. Kc4 Ra1 49. Rh5 Ra4+ 50. Kb3 Ra1 51. Rh6+ Kc7 52. Kc4 Ra4+ 53. Kd5 Ra5+ 54. Ke4 Ra3 55. c4 Rg3 56. c5 Rg4+ 57. Kd5 Rg5+ 58. Kc4 Rg1 59. Rh7+ Kc8 60. d5 Rb1 61. d6 Kd8 62. Kd5 Ra1 63. Rh8+ 1-0


[Site "https://www.chess.com"]

[Event "Titled Tuesday Blitz November 22 Late 2022"]
[White "Ankerst, Mihael"]
[Black "Salman, Pavel"]
[WhiteFideId "14602369"]
[BlackFideId "24153753"]
[WhiteElo "2374"]
[BlackElo "2187"]
[Result "1-0"]
[Round "05"]
[TimeControl "180+1"]
[Date "2022.11.23"]
[WhiteClock "0:00:46"]
[BlackClock "0:01:10"]

1. e4 c5 2. Nf3 e6 3. d4 cxd4 4. Nxd4 a6 5. c4 Nf6 6. Nc3 Qc7 7. Be2 b6 8. O-O Bb7 9. f3 d6 10. Be3 Be7 11. Qd2 O-O 12. Rfc1 Nbd7 13. a4 Rfb8 14. b4 Qd8 15. Nb3 Qf8 16. a5 d5 17. exd5 exd5 18. c5 bxc5 19. bxc5 Nxc5 20. Nd4 Bd6 21. Rab1 g6 22. Rb6 Nfd7 23. Bh6 Qe7 24. Nc6 Qh4 25. g3 Bxg3 26. hxg3 Qxg3+ 27. Kf1 Nxb6 28. Ne7+ Kh8 29. Qd4+ f6 30. Qxf6# 1-0


[Site "https://www.chess.com"]

[Event "Titled Tuesday Blitz November 22 Late 2022"]
[White "Ansh M Shah"]
[Black "Ai, Evan"]
[WhiteFideId "25033379"]
[BlackFideId "2094770"]
[WhiteElo "2084"]
[BlackElo "1963"]
[Result "0-1"]
[Round "05"]
[TimeControl "180+1"]
[Date "2022.11.23"]
[WhiteClock "0:00:10"]
[BlackClock "0:00:17"]

1. d4 Nf6 2. c4 e6 3. g3 d5 4. Bg2 Bb4+ 5. Nd2 Be7 6. Ngf3 O-O 7. O-O Nbd7 8. Qc2 c6 9. Rd1 b6 10. e4 dxe4 11. Nxe4 Nxe4 12. Qxe4 Bb7 13. Bf4 Nf6 14. Qe2 Qc8 15. Ne5 c5 16. d5 exd5 17. cxd5 Bd6 18. Nc6 Re8 19. Qd2 Qc7 20. Bxd6 Qxd6 21. b4 Ne4 22. Qc2 f5 23. f3 Nf6 24. bxc5 bxc5 25. Qxf5 Re2 26. Rab1 Bxc6 27. dxc6 Qxc6 28. f4 Qxg2# 0-1


[Site "https://www.chess.com"]

[Event "Titled Tuesday Blitz November 22 Late 2022"]
[White "Antonio, Jorge Carlos"]
[Black "Herman, Daniel"]
[WhiteFideId "113190"]
[BlackFideId "30935008"]
[WhiteElo "2247"]
[BlackElo "1897"]
[Result "0-1"]
[Round "05"]
[TimeControl "180+1"]
[Date "2022.11.23"]
[WhiteClock "0:00:04"]
[BlackClock "0:00:11"]

1. d4 g6 2. e4 Bg7 3. Nf3 d6 4. c4 Nf6 5. Nc3 O-O 6. Be2 e5 7. O-O Nc6 8. d5 Ne7 9. Ne1 Nd7 10. Be3 f5 11. f3 Nf6 12. Bf2 Nh5 13. Rc1 Bh6 14. Rc2 g5 15. exf5 Bxf5 16. Bd3 Nf4 17. Be4 Kh8 18. Nd3 Rg8 19. g4 Bxe4 20. Nxe4 Neg6 21. Nxf4 gxf4 22. h4 Nxh4 23. Bxh4 Qxh4 24. Kg2 Rg6 25. Rh1 Qe7 26. Rh5 Rag8 27. Qh1 Qg7 28. Kf1 Rxg4 29. fxg4 Qxg4 30. Nf2 Qg6 31. Rxh6 Qxc2 32. Rh3 Qc1+ 33. Ke2 Qxb2+ 34. Kd3 Qd4+ 35. Ke2 Qxc4+ 36. Nd3 Qc2+ 37. Kf1 Qb1+ 38. Ke2 Qxa2+ 39. Kf3 Qxd5+ 40. Ke2 Qxh1 41. Rxh1 Rf8 42. Rc1 c6 43. Rb1 b5 44. Ra1 Rf7 45. Nb4 f3+ 46. Kf2 c5 47. Nd5 b4 48. Ra6 b3 49. Rxd6 b2 50. Nc3 Rb7 51. Rd5 b1=Q 52. Nxb1 Rxb1 53. Kxf3 Re1 54. Rxc5 Kg7 55. Rc7+ Kg6 56. Rxa7 e4+ 57. Kf2 Rb1 58. Re7 Kf5 59. Rxh7 Rb2+ 60. Ke1 Kf4 61. Rf7+ Ke5 62. Ra7 Kf4 63. Ra1 Kf3 64. Ra3+ Kf4 65. Ra1 Rh2 66. Ra3 e3 67. Kf1 Rf2+ 68. Ke1 Rh2 69. Ra4+ Kf3 70. Ra3 Rh1# 0-1


[Site "https://www.chess.com"]

[Event "Titled Tuesday Blitz November 22 Late 2022"]
[White "Arbunic Castro, Giovanna"]
[Black "Antonova, Nadezhda"]
[WhiteFideId "3400549"]
[BlackFideId "14700182"]
[WhiteElo "1973"]
[BlackElo "1813"]
[Result "1-0"]
[Round "05"]
[TimeControl "180+1"]
[Date "2022.11.23"]
[WhiteClock "0:00:19"]
[BlackClock "0:00:02"]

1. e4 c5 2. g3 d6 3. Bg2 g6 4. Ne2 Bg7 5. c3 Nf6 6. O-O O-O 7. d4 cxd4 8. cxd4 Nc6 9. Nbc3 a6 10. h3 Qc7 11. Be3 b5 12. Rc1 Qd7 13. e5 Ne8 14. Nd5 Bb7 15. Nb6 Qd8 16. Nxa8 Qxa8 17. exd6 Nxd6 18. Nf4 Nf5 19. d5 Nxe3 20. fxe3 Ne5 21. e4 Nc4 22. Qe2 Nxb2 23. Rc7 Nc4 24. Rxe7 Bd4+ 25. Kh2 Re8 26. Rxe8+ Qxe8 27. Qd3 Be5 28. Rd1 h5 29. d6 Nxd6 30. Nd5 h4 31. Nf6+ Bxf6 32. Qxd6 hxg3+ 33. Kh1 Kg7 34. Qd7 Qa8 35. Qd3 Be5 36. Rf1 f5 37. Qd7+ Kh6 38. Rg1 Bxe4 39. Qd2+ f4 40. Qe2 Bxg2+ 41. Qxg2 Qxg2+ 42. Kxg2 Kg5 43. Kf3 Kf5 44. Rc1 a5 45. Rc5 b4 46. Rxa5 g5 47. Rb5 g4+ 48. hxg4+ Ke6 49. Rxb4 Kd5 50. Rb5+ 1-0


[Site "https://www.chess.com"]

[Event "Titled Tuesday Blitz November 22 Late 2022"]
[White "Ardila, Oscar Humberto"]
[Black "Rubio Tent, Francisco"]
[WhiteFideId "4404742"]
[BlackFideId "2238233"]
[WhiteElo "1959"]
[BlackElo "2211"]
[Result "0-1"]
[Round "05"]
[TimeControl "180+1"]
[Date "2022.11.23"]
[WhiteClock "0:00:21"]
[BlackClock "0:00:21"]

1. d4 d5 2. c4 c6 3. e3 Nf6 4. Nf3 a6 5. Nc3 b5 6. cxb5 cxb5 7. Be2 Bb7 8. O-O e6 9. a4 b4 10. Na2 Bd6 11. Bd2 a5 12. Bb5+ Nbd7 13. Nc1 O-O 14. Nd3 Ne4 15. Rc1 Rc8 16. Qe2 Qf6 17. Bxd7 Rcd8 18. Bc6 Ba6 19. Bb5 Bb7 20. Nde5 Qh6 21. h3 f6 22. Nc6 Ra8 23. Be1 g5 24. Nd2 f5 25. Nxe4 dxe4 26. f3 exf3 27. Qxf3 Kh8 28. Bg3 f4 29. exf4 gxf4 30. Bf2 Rac8 31. d5 e5 32. Nxa5 Ba8 33. Bc6 Qg6 34. Rfe1 Bxc6 35. Rxc6 Rce8 36. Nc4 e4 37. Bd4+ Kg8 38. Qg4 Qxg4 39. hxg4 Bb8 40. d6 Re6 41. Be5 f3 42. gxf3 exf3 43. Kf2 Ba7+ 44. Kf1 f2 45. Re2 Rh6 46. Rxf2 Rxf2+ 47. Ke1 Rh1# 0-1


[Site "https://www.chess.com"]

[Event "Titled Tuesday Blitz November 22 Late 2022"]
[White "Artemenko, Oleg"]
[Black "Araujo Sanchez, Josue"]
[WhiteFideId "14201798"]
[BlackFideId "6416896"]
[WhiteElo "2287"]
[BlackElo "2370"]
[Result "0-1"]
[Round "05"]
[TimeControl "180+1"]
[Date "2022.11.23"]
[WhiteClock "0:00:15"]
[BlackClock "0:00:21"]

1. d4 d5 2. Nc3 Nf6 3. Bf4 a6 4. e3 c5 5. dxc5 e6 6. Na4 Nbd7 7. b4 b6 8. c6 Bxb4+ 9. c3 Ba5 10. cxd7+ Bxd7 11. Ne2 Qe7 12. Be5 Qa3 13. Nxb6 Bxb6 14. Qb3 Qa5 15. Qb4 Bb5 16. Nd4 Qxb4 17. cxb4 Bxf1 18. Rxf1 Kd7 19. Ke2 Rhc8 20. Rfc1 Ne8 21. Nb3 f6 22. Bd4 Bxd4 23. exd4 Nd6 24. Nc5+ Ke7 25. Kd3 Nc4 26. f4 Rc6 27. Re1 Kf7 28. Re2 Rb8 29. Rb1 f5 30. Rbe1 Rxb4 31. Nxe6 Rc8 32. Ng5+ Kg6 33. Re6+ Kh5 34. Ke2 Rb2+ 35. Kf3 Nd2+ 36. Kg3 Rc3+ 37. Nf3 Ne4+ 38. Kh3 g5 39. fxg5 Nxg5+ 40. Kg3 Nxe6 41. Rxe6 Rcc2 42. Kf4 Rxg2 43. Re7 Kg6 44. Nh4+ Kf6 45. Rxh7 Rbf2+ 46. Ke3 Re2+ 47. Kf3 Rxh2 48. Ra7 Rxa2 49. Kg3 Rhd2 50. Nf3 Rd3 51. Rb7 Raa3 52. Rb6+ Ke7 53. Kf4 Rxf3+ 54. Ke5 Rae3+ 55. Kxd5 f4 56. Rxa6 Kf7 57. Ra7+ Kf6 58. Ra6+ Kg5 59. Ra8 Rf1 60. Rf8 Rd1 61. Kc6 Red3 62. d5 Rxd5 63. Rg8+ Kf5 64. Kc7 Rc5+ 65. Kb6 Rcc1 66. Rf8+ Kg4 67. Rg8+ Kf3 68. Rg5 Rd2 69. Rb5 Rd6+ 70. Kb7 Rcc6 71. Rb3+ Kg4 72. Ra3 Rb6+ 73. Kc7 Rdc6+ 74. Kd7 Rh6 75. Kc7 Rbg6 76. Rd3 Rh7+ 77. Rd7 Rxd7+ 78. Kxd7 f3 79. Ke7 Rg5 80. Kf7 f2 81. Kf6 f1=Q+ 82. Ke6 Qf4 83. Ke7 Re5+ 84. Kd7 Qd4+ 85. Kc8 Rc5+ 86. Kb7 Qb4+ 87. Ka8 Ra5# 0-1


[Site "https://www.chess.com"]

[Event "Titled Tuesday Blitz November 22 Late 2022"]
[White "Aung Thant Zin"]
[Black "Rosenberg, Evan S"]
[WhiteFideId "13000063"]
[BlackFideId "2019299"]
[WhiteElo "2278"]
[BlackElo "2388"]
[Result "0-1"]
[Round "05"]
[TimeControl "180+1"]
[Date "2022.11.23"]
[WhiteClock "0:00:26"]
[BlackClock "0:00:06"]

1. e4 e5 2. Nf3 Nc6 3. d4 exd4 4. Nxd4 Nf6 5. Nc3 Bb4 6. Nxc6 bxc6 7. Bd3 d5 8. exd5 O-O 9. O-O cxd5 10. Bg5 c6 11. h3 Bd6 12. Qf3 Rb8 13. Rab1 h6 14. Bf4 Re8 15. b3 a5 16. Na4 Bxf4 17. Qxf4 Rb4 18. Qd2 Ne4 19. Bxe4 Rbxe4 20. Rfe1 Bf5 21. Nc5 Rxe1+ 22. Rxe1 Rxe1+ 23. Qxe1 Bxc2 24. Nb7 Qf6 25. Nxa5 d4 26. Qe8+ Kh7 27. Nxc6 d3 28. Ne7 Qxe7 29. Qxe7 d2 30. Qd7 d1=Q+ 31. Qxd1 Bxd1 32. f3 Kg6 33. Kf2 Kf5 34. Ke3 Ke5 35. g4 f5 36. gxf5 Kxf5 37. b4 Ba4 38. f4 g6 39. h4 Kg4 40. h5 Kxh5 41. Kd4 Kg4 42. Kc5 Kxf4 43. b5 Bxb5 44. Kxb5 h5 45. a4 h4 46. a5 h3 47. a6 h2 48. a7 h1=Q 49. Kb6 Qa8 0-1


[Site "https://www.chess.com"]

[Event "Titled Tuesday Blitz November 22 Late 2022"]
[White "Bach, Matthias"]
[Black "Ferreira, Vitor Hugo Vieira"]
[WhiteFideId "4603168"]
[BlackFideId "2119765"]
[WhiteElo "2165"]
[BlackElo "2168"]
[Result "0-1"]
[Round "05"]
[TimeControl "180+1"]
[Date "2022.11.23"]
[WhiteClock "0:00:01"]
[BlackClock "0:00:32"]

1. d4 d5 2. c4 dxc4 3. Nf3 Nf6 4. Nc3 e6 5. e4 Bb4 6. Bxc4 Nxe4 7. O-O Nxc3 8. bxc3 Be7 9. Re1 O-O 10. Ne5 c5 11. Qh5 cxd4 12. cxd4 Nc6 13. Nxc6 bxc6 14. Bb2 Bf6 15. Rad1 Rb8 16. Ba3 Re8 17. Qf3 Bb7 18. Bc5 Be7 19. Qe4 Bxc5 20. dxc5 Qg5 21. Rd7 Qxc5 22. Bd3 g6 23. Qh4 Bc8 24. Rd4 e5 25. Rc4 Qa5 26. Rec1 Ba6 27. R4c3 Bxd3 28. Rxd3 Qxa2 29. Rh3 h5 30. Qf6 Rb1 31. Rc3 Rxc1+ 32. Rxc1 Qe6 0-1


[Site "https://www.chess.com"]

[Event "Titled Tuesday Blitz November 22 Late 2022"]
[White "Besedes, Danilo"]
[Black "Schut, Han"]
[WhiteFideId "946796"]
[BlackFideId "1005561"]
[WhiteElo "2352"]
[BlackElo "2024"]
[Result "1-0"]
[Round "05"]
[TimeControl "180+1"]
[Date "2022.11.23"]
[WhiteClock "0:00:17"]
[BlackClock "0:00:15"]

1. b3 e5 2. Bb2 Nc6 3. e3 Bd6 4. Bb5 Qe7 5. Ne2 f5 6. O-O Nf6 7. a4 e4 8. Na3 Bxh2+ 9. Kxh2 Ng4+ 10. Kg3 Qg5 11. f4 Qg6 12. Qe1 Nxe3+ 13. Kf2 Qxg2+ 14. Kxe3 Ne7 15. d4 exd3 16. Bxd3 O-O 17. Qg3 Nd5+ 18. Kd2 Qxg3 19. Nxg3 d6 20. Bc4 c6 21. Bxd5+ cxd5 22. Bd4 g6 23. Rae1 Bd7 24. Re7 Rf7 25. Rfe1 Raf8 26. Rxf7 Rxf7 27. Nb1 h5 28. Nf1 Kf8 29. Nh2 Bc6 30. Nf3 b6 31. Ng5 Re7 32. Rxe7 Kxe7 33. Nc3 Bb7 34. Bf2 Kd7 35. Ne2 Kc6 36. Nd4+ Kd7 37. b4 a6 38. b5 axb5 39. axb5 Ke7 40. Ndf3 Kf6 41. Bxb6 d4 42. Bxd4+ 1-0


[Site "https://www.chess.com"]

[Event "Titled Tuesday Blitz November 22 Late 2022"]
[White "Bogaudinov, Rushan"]
[Black "Kalogeris, Ioannis"]
[WhiteFideId "4129288"]
[BlackFideId "4239563"]
[WhiteElo "1997"]
[BlackElo "2312"]
[Result "1-0"]
[Round "05"]
[TimeControl "180+1"]
[Date "2022.11.23"]
[WhiteClock "0:00:29"]
[BlackClock "0:00:24"]

1. e4 e5 2. Nc3 Nc6 3. g3 Bc5 4. Bg2 Nf6 5. d3 O-O 6. Nge2 d6 7. O-O Nd4 8. h3 h6 9. Na4 Nxe2+ 10. Qxe2 Bb4 11. a3 Ba5 12. b4 Bd7 13. Nb2 Bb6 14. Nc4 Bd4 15. Rb1 Be6 16. Kh2 Re8 17. Bd2 d5 18. exd5 Nxd5 19. Na5 b6 20. Nc6 Qd6 21. Nxd4 exd4 22. Qh5 Rac8 23. Rbe1 c5 24. b5 c4 25. Qe5 Qxe5 26. Rxe5 c3 27. Bc1 Red8 28. Rfe1 Rc5 29. a4 Nb4 30. R5e2 Nxc2 31. Rxc2 Bb3 32. Rce2 Bxa4 33. Re8+ Rxe8 34. Rxe8+ Kh7 35. Re7 Rxb5 36. Rxf7 a5 37. Ba3 Rb3 38. Be4+ Kg8 39. Rf8# 1-0


[Site "https://www.chess.com"]